 Dungeon Crawl Stone Soup version 0.29.1-15-g9cfb28693d (webtiles) character file.

Game seed: 1010755298416364445

277 booth the Chopper (level 6, 0/47 HPs)
             Began as a Demonspawn Gladiator on Mar 12, 2023.
             Was an Initiate of Uskayaw.
             Constricted to death by Grinder (5 damage)
             ... on level 4 of the Dungeon.
             The game lasted 00:33:05 (5077 turns).

booth the Chopper (Demonspawn Gladiator)            Turns: 5077, Time: 00:33:05

Health: 0/47       AC:  5    Str: 14 (17) XL:     6   Next: 4%
Magic:  1/6        EV: 10    Int:  7 (9)  God:    Uskayaw [......]
Gold:   119        SH:  5    Dex: 17 (18) Spells: 5/5 levels left

rFire   . . .      SeeInvis .   a - +2 war axe
rCold   + . .      Faith    .   (no shield)
rNeg    . . .      Spirit   .   b - +1 leather armour
rPois   .          Reflect  +   c - +0 helmet
rElec   .          Harm     .   (no cloak)
rCorr   .          Rampage  .   (no gloves)
Will    .....                   (no boots)
Stlth   +++.......              m - amulet of reflection
HPRegen 0.15/turn               s - ring of protection from cold
MPRegen 0.10/turn               (no ring)

@: grasped by roots, constricted
A: claws 1, thin skeletal structure 2, demonic guardian 1, powered by pain 2,
talons 1, deterioration 1
a: Renounce Religion


You were on level 4 of the Dungeon.
You worshipped Uskayaw.
Uskayaw was noncommittal.
You visited 2 branches of the dungeon, and saw 6 of its levels.

You collected 165 gold pieces.
You spent 46 gold pieces at shops.

Inventory:

Hand Weapons
 a - a +2 war axe (weapon)
 o - a +0 mace
 q - a +2 dagger of venom
Missiles
 d - 3 throwing nets (quivered)
 e - a javelin
 h - 8 poisoned darts
 u - 6 boomerangs
Armour
 b - a +1 leather armour (worn)
 c - a +0 helmet (worn)
 k - an orb of mayhem
 t - a +1 robe of positive energy
Jewellery
 g - a ring of ice
 m - an amulet of reflection (around neck)
 s - a ring of protection from cold (left claw)
Wands
 i - a wand of flame (6)
 n - a wand of acid (15)
 w - a wand of charming (6)
Scrolls
 j - a scroll of poison
 l - a scroll of enchant weapon
Potions
 f - a potion of lignification
 p - a potion of haste {unknown}
 v - a potion of attraction {unknown}


   Skills:
 + Level 3.3 Fighting
 * Level 4.2 Axes
 + Level 3.1 Throwing
 + Level 3.7 Dodging


You had 5 spell levels left.
You didn't know any spells.
Your spell library contained the following spells:

 Spells                   Type           Power      Damage    Failure   Level
 Necrotise                Necr           0%         1d4       52%         1
 Vampiric Draining        Necr           0%         2d6       87%         3
 Agony                    Necr           0%         N/A       100%        5
 Lee's Rapid Deconstruct  Erth           0%         3d5*      100%        5
 Statue Form              Tmut/Erth      0%         N/A       100%        6
 Fire Storm               Conj/Fire      0%         5d1       100%        9


Dungeon Overview and Level Annotations

Branches:
Dungeon (5/15)             Temple (1/1) D:5

Altars:
Dithmenos
Fedhas
Hepliaklqana
Kikubaaqudgha
Makhleb
Nemelex Xobeh
Sif Muna
Trog
Uskayaw
Xom

Shops:
D:4 *

Annotations:
D:3 2 runed translucent doors, Seidenschwarz's ghost, weakling MiFi
D:4 Grinder


Innate Abilities, Weirdness & Mutations

You have sharp fingernails.
You have a moderately thin skeletal structure. (Dex +4, Stealth++)
A weak demonic guardian rushes to your aid.
You sometimes gain power by taking damage.
You have sharp toenails.
Your body sometimes deteriorates upon taking damage.


Message History

Your quasit claws Grinder but does no damage.
Your quasit barely misses Grinder.
Grinder zaps a wand.
The roots erupt in riotous growth!
The grasping roots grab you!
Grinder is unaffected.
The grasping roots constrict you.
* * * LOW HITPOINT WARNING * * *
You stomp with the beat, sending a shockwave through the revellers around you!
Grinder is heavily wounded.
You can no longer stomp with the beat.
Your quasit bites Grinder but does no damage.
Your quasit claws Grinder but does no damage.
Your quasit claws Grinder.
Grinder barely misses you. The grasping roots constrict you.
* * * LOW HITPOINT WARNING * * *
Your quasit bites Grinder but does no damage.
Your quasit claws Grinder but does no damage.
Your quasit barely misses Grinder.
You can now stomp with the beat.
You stomp with the beat, sending a shockwave through the revellers around you!
Grinder is severely wounded.
You can no longer stomp with the beat.
Your quasit bites Grinder but does no damage.
Your quasit claws Grinder but does no damage.
Your quasit claws Grinder.
Grinder blinks!
The grasping roots constrict you.
* * * LOW HITPOINT WARNING * * *
A demonic guardian appears!
You escape the roots grasp.
You swap places.
Grinder blinks!
You swap places.
You see here a hobgoblin corpse.
Okay, then.
Okay, then.
Your quasit disappears in a puff of smoke!
Grinder says, "You look like you could use a good racking."
Grinder gestures at you.
Your quasit suddenly stops moving!
Your quasit disappears in a puff of smoke!
Grinder zaps a wand.
The roots erupt in riotous growth!
The grasping roots grab you! The grasping roots constrict you.
You die...

....# ....# ....# ....# #######
....# ****** ##.....###########
##### *,,,,*####.......#.........
*,,,,*#......§5..#.########
#######....##....§.##†.#.#
...............<@..##.##.#
........(..........##...§#
...................#######
...................#
.................#########
.....!........#######....########
..S.................†..........>#
..............#######....######.#
..............# #....# #..#


You could see Grinder.

Vanquished Creatures
  An orc priest (D:3)
  An iguana (D:4)
  Ijyb (D:4)
  2 orc wizards
  5 adders
  2 white imps (D:5)
  A worm (D:3)
  4 dart slugs
  7 orcs
  4 endoplasms
  5 giant cockroaches
  12 goblins
  8 hobgoblins
  8 kobolds
  3 quokkas
  5 ball pythons
  3 bats
  A rat (D:1)
73 creatures vanquished.

Notes
Turn   | Place    | Note
-------+----------+-------------------------------------------
     0 | D:1      | booth the Demonspawn Gladiator began the quest for the Orb.
     0 | D:1      | Reached XP level 1. HP: 16/16 MP: 1/1
   172 | D:1      | Found a faded altar of an unknown god.
   255 | D:1      | Gained mutation: You sometimes gain a little power by
                  | taking damage. [demonic ancestry]
   255 | D:1      | Reached XP level 2. HP: 15/22 MP: 2/2
  1012 | D:1      | Got the Encyclopedia of the Arsonist and Grit
  1266 | D:1      | Reached skill level 3 in Axes
  1613 | D:1      | Prayed at the altar of an unknown god.
  1613 | D:1      | Became a worshipper of Uskayaw the Reveller
  1613 | D:1      | Reached * piety under Uskayaw
  1723 | D:2      | Reached ** piety under Uskayaw
  1726 | D:2      | Gained mutation: You have a somewhat thin skeletal
                  | structure. (Dex +2, Stealth+) [demonic ancestry]
  1726 | D:2      | Reached XP level 3. HP: 25/28 MP: 3/3
  2682 | D:2      | Gained mutation: You have sharp fingernails. [demonic
                  | ancestry]
  2682 | D:2      | Reached XP level 4. HP: 34/34 MP: 4/4
  2880 | D:3      | Found a runed translucent door.
  2881 | D:3      | Noticed Seidenschwarz's ghost (weakling MiFi)
  2907 | D:3      | Found a runed translucent door.
  3395 | D:3      | Found a shadowy altar of Dithmenos.
  3435 | D:3      | Found a sparkling altar of Nemelex Xobeh.
  3701 | D:3      | You fall into a shaft and drop 2 floors!
  3701 | D:5      | Entered Level 5 of the Dungeon
  3753 | D:5      | Found a staircase to the Ecumenical Temple.
  3765 | Temple   | Entered the Ecumenical Temple
  4071 | D:3      | Reached *** piety under Uskayaw
  4075 | D:3      | Gained mutation: You sometimes gain power by taking damage.
                  | [demonic ancestry]
  4075 | D:3      | Reached XP level 5. HP: 33/40 MP: 1/5
  4076 | D:3      | Reached **** piety under Uskayaw
  4326 | D:3      | Gained mutation: You have sharp toenails. [potion of
                  | mutation]
  4326 | D:3      | Gained mutation: Your body sometimes deteriorates upon
                  | taking damage. [potion of mutation]
  4326 | D:3      | Gained mutation: You have a moderately thin skeletal
                  | structure. (Dex +4, Stealth++) [potion of mutation]
  4556 | D:4      | Reached skill level 4 in Axes
  4586 | D:4      | Found Aselitie's Elemental Accessories.
  4595 | D:4      | Bought a wand of flame (6) for 46 gold pieces
  4866 | D:4      | Noticed Ijyb
  4885 | D:4      | Killed Ijyb
  4886 | D:4      | Gained mutation: A weak demonic guardian rushes to your
                  | aid. [demonic ancestry]
  4886 | D:4      | Reached XP level 6. HP: 40/47 MP: 6/6
  5055 | D:4      | Noticed Grinder
  5077 | D:4      | Constricted to death by Grinder

Illustrated notes

Levels and vault maps discovered:
D:1:      dpeg_arrival_stone_temple_mockup, layout_loops_corners,
          ebering_ecumenical_altar_webs, bh_walls_and_bars
D:2:      layout_basic
D:3:      layout_loops_cross, mainiacjoe_overflow_two_lobes,
          ebering_ghost_sewer_f, chequers_garden, eino_curves_03,
          kennysheep_doodads, reono_crystal_passage
D:4:      layout_basic, nicolae_elemental_shop, uniq_grinder, uniq_ijyb
D:5:      kennysheep_steamy, layout_loops_ring,
          mainiacjoe_overflow_concentric_impassable,
          minmay_temple_entry_large_hall, minmay_misc_feat_enclosed,
          chequers_decorated_corner
Temple:   hellmonk_temple_rainy

Skill      XL: |  1  2  3  4  5 |
---------------+----------------+-----
Throwing       | 2 3 |  3.1
Dodging        | 3 |  3.7
Axes           | 3 4 |  4.2
Fighting       | 3 |  3.3

Action                   |  1- 3 |  4- 6 || total
-------------------------+-------+-------++-------
Melee: War axe           |    93 |   119 ||   212
       Punch             |     2 |       ||     2
       Kick              |       |    15 ||    15
Throw: Javelin           |       |     1 ||     1
       Boomerang         |       |     1 ||     1
Invok: Stomp             |       |     3 ||     3
  Use: Scroll            |     7 |     5 ||    12
       Potion            |     2 |     3 ||     5
 Stab: Sleeping          |     2 |     6 ||     8
       Paralysed         |       |     2 ||     2
Armor: Leather armour    |    22 |    19 ||    41
Dodge: Dodged            |    50 |    75 ||   125
Block: Other             |    18 |    35 ||    53
       Reflection        |       |     2 ||     2
